3AAA
GRYFINDOR BRAVES @ LÉVIS ROCKS
05/31/2017
 
TOP OF THE 1ST
Gryfindor Braves batting - Pitching for Lévis Rocks : RHP Jim Unknown
Pitching: RHP Jim Unknown
Batting: RHB Jim Unknown 0-0: Called Strike
0-1: DOUBLE (Line Drive, 8LS)
Batting: RHB Jim Unknown 0-0: Ball
1-0: Swinging Strike
1-1: Swinging Strike
1-2: Strikes out swinging
Batting: RHB Manuel González 0-0: Called Strike
0-1: Ball
Passed Ball!
Jim Unknown to third
1-1: Foul Ball, location: 2F
1-2: Strikes out swinging
Batting: RHB Jim Unknown 0-0: Called Strike
0-1: Foul Ball, location: 2F
0-2: SINGLE (Groundball, 34D)
Jim Unknown scores
Batting: RHB Jim Unknown 0-0: Called Strike
0-1: Ball
1-1: Foul Ball, location: 2F
1-2: Ground out 5-3 (Groundball, 5S)
Top of the 1st over - 1 run(s), 2 hit(s), 0 error(s), 1 left on base; Gryfindor 1 - Lévis 0
BOTTOM OF THE 1ST
Lévis Rocks batting - Pitching for Gryfindor Braves : RHP Max Moore
Pitching: RHP Max Moore
Batting: SHB Tim Eldridge 0-0: Ball
1-0: Called Strike
1-1: SINGLE (Groundball, 34)
Batting: SHB Monte Adams 0-0: Called Strike
0-1: Ball
1-1: Ball
2-1: Foul Ball, location: 2F
2-2: Foul Ball, location: 2F
2-2: Foul Ball, location: 2F
2-2: Foul Ball, location: 2F
2-2: Ball
3-2: Base on Balls
Tim Eldridge to second
Batting: RHB Dan Holliday 0-0: Ball
1-0: Called Strike
1-1: Ball
2-1: DOUBLE (Flyball, 89M)
Tim Eldridge scores
Monte Adams to third
Batting: RHB Ernie McPherson 0-0: Fly out, F7 (Line Drive, 7M)
Runner from 3rd tags up, SCORES, throw made
Batting: RHB Raúl Valadez 0-0: Foul Ball, location: 2F
0-1: Ball
1-1: Fly out, F9 (Flyball, 89M)
Batting: SHB Bartolo Fernández 0-0: Ball
1-0: Fly out, F5 (Popup, 5)
Bottom of the 1st over - 2 run(s), 2 hit(s), 0 error(s), 1 left on base; Gryfindor 1 - Lévis 2
TOP OF THE 2ND
Gryfindor Braves batting - Pitching for Lévis Rocks : RHP Jim Unknown
Batting: RHB Jim Unknown 0-0: Fly out, F4 (Popup, 34D)
Batting: RHB Jim Unknown 0-0: Ball
1-0: Ball
2-0: SOLO HOME RUN (Flyball, 8LXD), Distance : 430 ft
Batting: SHB Jim Unknown 0-0: SINGLE (Groundball, 5D)
Batting: RHB Paris Avgerinos 0-0: Ball
1-0: Called Strike
1-1: Ball
2-1: Ball
3-1: Called Strike
3-2: Foul Ball, location: 2F
3-2: Base on Balls
Jim Unknown to second
Batting: RHB Jim Unknown 0-0: Called Strike
0-1: Swinging Strike
0-2: Ball
1-2: Ball
2-2: Foul Ball, location: 2F
2-2: Strikes out swinging
Batting: RHB Jim Unknown 0-0: Called Strike
0-1: Fielders Choice at 2nd, U4 (Groundball, 4M)
Top of the 2nd over - 1 run(s), 2 hit(s), 0 error(s), 2 left on base; Gryfindor 2 - Lévis 2
BOTTOM OF THE 2ND
Lévis Rocks batting - Pitching for Gryfindor Braves : RHP Max Moore
Batting: SHB Jim Unknown 0-0: Ball
1-0: Ball
2-0: Ball
3-0: Called Strike
3-1: Ground out 6-3 (Groundball, 6MS)
Batting: RHB Jim Unknown 0-0: Foul Ball, location: 2F
0-1: Ball
1-1: Foul Ball, location: 2F
1-2: Ball
2-2: Fly out, F7 (Line Drive, 78M)
Batting: RHB Jim Unknown 0-0: Swinging Strike
0-1: Ball
1-1: Ball
2-1: Fly out, F8 (Flyball, 8LM)
Bottom of the 2nd over - 0 run(s), 0 hit(s), 0 error(s), 0 left on base; Gryfindor 2 - Lévis 2
TOP OF THE 3RD
Gryfindor Braves batting - Pitching for Lévis Rocks : RHP Jim Unknown
Batting: RHB Manuel González 0-0: Ground out 5-3 (Groundball, 5)
Batting: RHB Jim Unknown 0-0: Swinging Strike
0-1: Ball
1-1: Ball
2-1: Foul Ball, location: 2F
2-2: Ball
3-2: Ground out 3-1 (Groundball, 34S)
Batting: RHB Jim Unknown 0-0: Ball
1-0: SINGLE (Line Drive, 4D)
Batting: RHB Jim Unknown 0-0: Called Strike
0-1: Foul Ball, location: 2F
0-2: Ball
1-2: SINGLE (Line Drive, 78M)
Jim Unknown to second
Batting: RHB Jim Unknown 0-0: Ball
1-0: Called Strike
1-1: Ground out 1-3 (Groundball, 15S)
Top of the 3rd over - 0 run(s), 2 hit(s), 0 error(s), 2 left on base; Gryfindor 2 - Lévis 2
BOTTOM OF THE 3RD
Lévis Rocks batting - Pitching for Gryfindor Braves : RHP Max Moore
Batting: SHB Tim Eldridge 0-0: Called Strike
0-1: Ball
1-1: Foul Ball, location: 2F
1-2: Ball
2-2: SINGLE (Line Drive, 34D)
Batting: SHB Monte Adams 0-0: Ball
1-0: Ball
2-0: Ball
3-0: Base on Balls
Tim Eldridge to second
Batting: RHB Dan Holliday 0-0: Ball
1-0: 3-RUN HOME RUN (Flyball, 89XD), Distance : 361 ft
Pitching: RHP Dale West
Batting: RHB Ernie McPherson 0-0: Ball
1-0: Ground out 6-3 (Groundball, 6M)
Batting: RHB Raúl Valadez 0-0: Fly out, F8 (Flyball, 8LM)
Batting: SHB Bartolo Fernández 0-0: Called Strike
0-1: Foul Ball, location: 2F
0-2: Ball
1-2: Foul Ball, location: 2F
1-2: Strikes out looking
Bottom of the 3rd over - 3 run(s), 2 hit(s), 0 error(s), 0 left on base; Gryfindor 2 - Lévis 5
TOP OF THE 4TH
Gryfindor Braves batting - Pitching for Lévis Rocks : RHP Jim Unknown
Batting: SHB Jim Unknown 0-0: Ball
1-0: Ground out 5-3 (Groundball, 56S)
Batting: RHB Paris Avgerinos 0-0: Called Strike
0-1: Ball
1-1: SINGLE (Groundball, 56)
Batting: RHB Jim Unknown 0-0: Grounds into double play, 6-4-3 (Groundball, 6)
Top of the 4th over - 0 run(s), 1 hit(s), 0 error(s), 0 left on base; Gryfindor 2 - Lévis 5
BOTTOM OF THE 4TH
Lévis Rocks batting - Pitching for Gryfindor Braves : RHP Dale West
Batting: SHB Jim Unknown 0-0: Called Strike
0-1: Swinging Strike
0-2: Ball
1-2: Strikes out looking
Batting: RHB Jim Unknown 0-0: Ball
1-0: Foul Ball, location: 2F
1-1: Ball
2-1: Ground out 1-3 (Groundball, 15)
Batting: RHB Jim Unknown 0-0: SINGLE (Groundball, 34D)
Batting: SHB Tim Eldridge 0-0: Ball
1-0: Fly out, F4 (Popup, 3DF)
Bottom of the 4th over - 0 run(s), 1 hit(s), 0 error(s), 1 left on base; Gryfindor 2 - Lévis 5
TOP OF THE 5TH
Gryfindor Braves batting - Pitching for Lévis Rocks : RHP Jim Unknown
Batting: RHB Jim Unknown 0-0: Ball
1-0: Ball
2-0: Foul Ball, location: 2F
2-1: Ball
3-1: Ground out 6-3 (Groundball, 6)
Batting: RHB Manuel González 0-0: Ball
1-0: Called Strike
1-1: Called Strike
1-2: Ball
2-2: Ball
3-2: Ground out 6-3 (Groundball, 6)
Batting: RHB Jim Unknown 0-0: Ball
1-0: Ball
2-0: Called Strike
2-1: Ball
3-1: Fly out, F7 (Flyball, 78S)
Top of the 5th over - 0 run(s), 0 hit(s), 0 error(s), 0 left on base; Gryfindor 2 - Lévis 5
BOTTOM OF THE 5TH
Lévis Rocks batting - Pitching for Gryfindor Braves : RHP Dale West
Batting: SHB Monte Adams 0-0: Ball
1-0: Called Strike
1-1: Ball
2-1: Ball
3-1: Called Strike
3-2: SINGLE (Line Drive, 8LS)
Batting: RHB Dan Holliday 0-0: Called Strike
0-1: Ball
1-1: Swinging Strike
1-2: Ball
2-2: Foul Ball, location: 2F
2-2: Strikes out looking
Batting: RHB Ernie McPherson Pickoff Throw to First - Out!
0-0: Foul Ball, location: 2F
0-1: Ball
1-1: Ball
2-1: Swinging Strike
2-2: Ball
3-2: Fly out, F9 (Line Drive, 89M)
Bottom of the 5th over - 0 run(s), 1 hit(s), 0 error(s), 0 left on base; Gryfindor 2 - Lévis 5
TOP OF THE 6TH
Gryfindor Braves batting - Pitching for Lévis Rocks : RHP Jim Unknown
Batting: RHB Jim Unknown 0-0: Ball
1-0: Ball
2-0: Foul Ball, location: 2F
2-1: Ball
3-1: Ground out U3 (Groundball, 3)
Batting: RHB Jim Unknown 0-0: Called Strike
0-1: Ball
1-1: Swinging Strike
1-2: Ball
2-2: Strikes out swinging
Batting: RHB Jim Unknown 0-0: Ground out 4-3 (Groundball, 4M)
Top of the 6th over - 0 run(s), 0 hit(s), 0 error(s), 0 left on base; Gryfindor 2 - Lévis 5
BOTTOM OF THE 6TH
Lévis Rocks batting - Pitching for Gryfindor Braves : RHP Dale West
Batting: RHB Raúl Valadez 0-0: Ball
1-0: Called Strike
1-1: Swinging Strike
1-2: Ball
2-2: Fly out, F2 (Popup, 2LF)
Batting: SHB Bartolo Fernández 0-0: SINGLE (Line Drive, 34)
Batting: SHB Jim Unknown 0-0: Ball
1-0: Fly out, F8 (Flyball, 8RXD)
Batting: RHB Jim Unknown 0-0: Ball
1-0: Ground out 1-3 (Groundball, 15)
Bottom of the 6th over - 0 run(s), 1 hit(s), 0 error(s), 1 left on base; Gryfindor 2 - Lévis 5
TOP OF THE 7TH
Gryfindor Braves batting - Pitching for Lévis Rocks : RHP Jim Unknown
Batting: SHB Jim Unknown 0-0: Ball
1-0: Ball
2-0: Called Strike
2-1: Fly out, F7 (Flyball, 78XD)
Batting: RHB Paris Avgerinos 0-0: Called Strike
0-1: Called Strike
0-2: Ball
1-2: Foul Ball, location: 2F
1-2: Strikes out swinging
Batting: RHB Jim Unknown 0-0: Ball
1-0: SINGLE (Line Drive, 34D)
Pitching: RHP Jim Unknown
Batting: RHB Jim Unknown 0-0: Ball
1-0: Called Strike
1-1: Ball
2-1: Foul Ball, location: 2F
2-2: Strikes out swinging
Top of the 7th over - 0 run(s), 1 hit(s), 0 error(s), 1 left on base; Gryfindor 2 - Lévis 5
BOTTOM OF THE 7TH
Lévis Rocks batting - Pitching for Gryfindor Braves : RHP Dale West
Pitching: RHP Bill Wilson
Batting: RHB Jim Unknown 0-0: Ball
1-0: SINGLE (Line Drive, 5D)
Batting: SHB Tim Eldridge 0-0: Ball
Jim Unknown is caught stealing 2nd base
1-0: Ball
2-0: Fly out, F8 (Flyball, 8LS)
Batting: SHB Monte Adams 0-0: Ball
1-0: Ground out 3-1 (Groundball, 34)
Bottom of the 7th over - 0 run(s), 1 hit(s), 0 error(s), 0 left on base; Gryfindor 2 - Lévis 5
TOP OF THE 8TH
Gryfindor Braves batting - Pitching for Lévis Rocks : RHP Jim Unknown
Batting: RHB Manuel González 0-0: Called Strike
0-1: Foul Ball, location: 2F
0-2: Ball
1-2: SINGLE (Line Drive, 3D)
Pitching: RHP Jim Unknown
Batting: RHB Jim Unknown 0-0: Called Strike
0-1: Ball
1-1: Ball
2-1: Ball
3-1: Foul Ball, location: 2F
3-2: Base on Balls
Manuel González to second
Batting: RHB Jim Unknown 0-0: Called Strike
0-1: Called Strike
0-2: Ball
1-2: Strikes out looking
Batting: RHB Jim Unknown 0-0: Ball
1-0: Ball
2-0: Foul Ball, location: 2F
2-1: Ball
3-1: Base on Balls
Manuel González to third
Jim Unknown to second
Batting: RHB Jim Unknown 0-0: Foul Ball, location: 2F
0-1: Foul Ball, location: 2F
0-2: Ball
1-2: Ball
2-2: Ball
3-2: SINGLE (Groundball, 4MD)
Manuel González scores
Jim Unknown to third
Jim Unknown to second
Runner from 3rd tries for Home, SAFE, no throw or cutoff
Pitching: LHP Jim Unknown
Batting: SHB Jim Unknown 0-0: Ball
1-0: Swinging Strike
1-1: Ball
2-1: Foul Ball, location: 2F
2-2: Foul Ball, location: 2F
2-2: Ground out 5-3 (Groundball, 5S)
Jim Unknown to third
Jim Unknown to second
Batting: RHB Paris Avgerinos 0-0: Called Strike
0-1: Ball
1-1: Foul Ball, location: 2F
1-2: Ball
2-2: Ground out 4-3 (Groundball, 4)
Top of the 8th over - 2 run(s), 2 hit(s), 0 error(s), 2 left on base; Gryfindor 4 - Lévis 5
BOTTOM OF THE 8TH
Lévis Rocks batting - Pitching for Gryfindor Braves : RHP Bill Wilson
Batting: RHB Dan Holliday 0-0: DOUBLE (Line Drive, 89M)
Batting: RHB Ernie McPherson 0-0: Called Strike
0-1: Ball
1-1: Ball
2-1: Fly out, F8 (Flyball, 8LS)
Batting: RHB Raúl Valadez 0-0: Intentional Walk
Batting: SHB Bartolo Fernández 0-0: Ball
1-0: Ball
2-0: Foul Ball, location: 2F
2-1: Ball
Balk!
Dan Holliday to third
Raúl Valadez to second
Reached via error on a dropped throw, E1
Dan Holliday scores
Raúl Valadez to third
Batting: SHB Jim Unknown 0-0: Ball
Bartolo Fernández steals 2nd base
1-0: Intentional Walk
Batting: RHB Jim Unknown 0-0: Called Strike
0-1: Swinging Strike
0-2: Ball
1-2: Ball
2-2: Foul Ball, location: 2F
2-2: Foul Ball, location: 2F
2-2: Foul Ball, location: 2F
2-2: Foul Ball, location: 2F
2-2: Grounds into double play, 6-4-3 (Groundball, 6M)
Bottom of the 8th over - 1 run(s), 1 hit(s), 1 error(s), 2 left on base; Gryfindor 4 - Lévis 6
TOP OF THE 9TH
Gryfindor Braves batting - Pitching for Lévis Rocks : LHP Jim Unknown
Pitching: RHP Greg White
Batting: RHB Jim Unknown 0-0: Called Strike
0-1: Called Strike
0-2: Ball
1-2: Ball
2-2: Strikes out swinging
Batting: RHB Jim Unknown 0-0: Ball
1-0: Ball
2-0: Called Strike
2-1: Foul Ball, location: 2F
2-2: Ball
3-2: Fly out, F9 (Flyball, 9LM)
Batting: RHB Manuel González 0-0: Ball
1-0: Called Strike
1-1: Swinging Strike
1-2: Foul Ball, location: 2F
1-2: Strikes out swinging
Top of the 9th over - 0 run(s), 0 hit(s), 0 error(s), 0 left on base; Gryfindor 4 - Lévis 6
This league is powered by Out of the Park Baseball, the baseball management simulation game for PC, Mac and Linux
Saturday, February 27th, 2021 - OOTP Baseball 15.6 Build 34